 Dungeon Crawl Stone Soup version 0.32-a0-995-gb4a59205af (webtiles) character file.

Game seed: 10064656255388385082

85593 ForkInBrain the Marksfrog (level 15, -4/126 HPs)
             Began as a Barachi Hunter on Apr 23, 2024.
             Was the Champion of Cheibriados.
             Slain by Agnes
             ... wielding a +2 antimagic lajatang
              (25 damage)
             ... on level 14 of the Dungeon.
             The game lasted 02:39:32 (30817 turns).

ForkInBrain the Marksfrog (Barachi Hunter)         Turns: 30817, Time: 02:39:32

Health: -4/126     AC: 16    Str: 28    XL:     15   Next: 84%
Magic:  0/23       EV: 23    Int: 25    God:    Cheibriados [******]
Gold:   460        SH:  0    Dex: 37    Spells: 10/14 levels left

rFire   . . .        a - +2 longbow (drain)
rCold   . . .        (shield currently unavailable)
rNeg    . . .        c - +0 troll leather armour
rPois   +            i - +2 helmet of Light {rElec}
rElec   +            A - +2 cloak
rCorr   .            W - +0 pair of gloves
SInv    .            t - +2 pair of boots
Will    ++...        r - amulet of regeneration
Stlth   +++++        p - ring of willpower
HPRegen 2.01/turn    C - ring of poison resistance
MPRegen 0.18/turn

%: no passive effects
@: about to teleport, unable to hop, invisible, very slow
A: amphibious, slowness 1, strong legs 2, +LOS
a: Hop, Renounce Religion, Bend Time, Temporal Distortion, Slouch, Step From
Time


You were on level 14 of the Dungeon.
You worshipped Cheibriados.
Cheibriados was exalted by your worship.
You visited 4 branches of the dungeon, and saw 22 of its levels.
You visited 1 bazaar.

You collected 2644 gold pieces.
You spent 2184 gold pieces at shops.

Inventory:

Hand Weapons
 a - a +2 longbow of draining (weapon)
Missiles
 l - 72 poisoned darts
 v - a curare-tipped dart
Armour
 c - a +0 troll leather armour (worn)
 i - the +2 helmet of Light (worn) {rElec}
   (You bought it in a shop in a bazaar)

   rElec:     It insulates you from electricity.
 t - a +2 pair of boots (worn)
 A - a +2 cloak (worn)
 M - a +2 robe of fire resistance
 W - a +0 pair of gloves (worn)
Jewellery
 p - a ring of willpower (left hand)
 r - an amulet of regeneration (around neck)
 w - a ring of positive energy
 B - a ring of wizardry
 C - a ring of poison resistance (right hand)
 O - the ring of Farphua {Fire +Blink rPois Slay+2}
   (You found it on level 10 of the Dungeon)

   [ring of fire]

   Fire:      It enhances your fire magic.
   Slay+2:    It affects your accuracy & damage with ranged weapons and melee
   (+2).
   rF+:       It protects you from fire.
   rC-:       It makes you vulnerable to cold.
   rPois:     It protects you from poison.
   +Blink:    It lets you blink.
 Y - a ring of flight
Wands
 o - a wand of digging (7)
 z - a wand of quicksilver (12)
 H - a wand of flame (36)
 N - a wand of paralysis (8)
 Q - a wand of mindburst (6)
Scrolls
 b - a scroll of butterflies
 d - 2 scrolls of vulnerability
 e - 7 scrolls of teleportation
 g - 5 scrolls of blinking
 m - 4 scrolls of enchant weapon
 n - 3 scrolls of poison
 y - a scroll of immolation
 D - 3 scrolls of noise
 G - 2 scrolls of amnesia
 K - 3 scrolls of fog
 R - a scroll of fear
 T - 2 scrolls of summoning
 U - 3 scrolls of revelation
Potions
 f - 3 potions of brilliance
 h - 2 potions of attraction
 j - 4 potions of berserk rage
 k - a potion of cancellation {unknown}
 s - 5 potions of curing
 x - a potion of resistance
 E - a potion of enlightenment
 F - 3 potions of ambrosia
 J - 2 potions of heal wounds
 P - 3 potions of mutation
Miscellaneous
 q - a phial of floods


   Skills:
 + Level 14.1 Fighting
 * Level 16.7 Ranged Weapons
 + Level 10.3 Armour
 + Level 9.3 Dodging
 + Level 7.2 Stealth
 + Level 5.5 Hexes
 + Level 5.3 Translocations
 + Level 11.1 Invocations


You had 10 spell levels left.
You knew the following spells:

 Your Spells              Type           Power      Damage    Failure   Level
p - Dimensional Bullseye  Hex/Tloc       13%        N/A       16%         4

Your spell library contained the following spells:

 Spells                   Type           Power      Damage    Failure   Level
 Confusing Touch          Hex            27%        N/A       4%          3
 Sigil of Binding         Hex            27%        N/A       4%          3
 Kiss of Death            Conj/Necr      0%         2d5       14%         1
 Scorch                   Fire           0%         2d5       22%         2
 Call Canine Familiar     Summ           0%         N/A       41%         3
 Fugue of the Fallen      Necr           0%         N/A       41%         3
 Ozocubu's Armour         Ice            0%         N/A       41%         3
 Summon Mana Viper        Hex/Summ       13%        N/A       78%         5
 Summon Forest            Summ/Tloc      6%         N/A       80%         5
 Dispel Undead            Necr           0%         3d6       82%         4
 Flame Wave               Conj/Fire      0%         2d4       82%         4
 Summon Cactus Giant      Summ           0%         N/A       100%        6
 Manifold Assault         Tloc           13%        N/A       100%        7


Dungeon Overview and Level Annotations

Branches:
Dungeon (14/15)            Temple (1/1) D:5            Lair (5/5) D:8
  Swamp (0/4) Lair:2       Spider (0/4) Lair:2          Orc (2/2) D:10
    Elf (0/3) Orc:2
  Slime: Lair:4-5    Vaults: D:13-14

Altars:
Ashenzari
Cheibriados
Dithmenos
Elyvilon
Fedhas
Gozag
Hepliaklqana
Kikubaaqudgha
Makhleb
Nemelex Xobeh
Okawaru
Qazlal
Ru
Sif Muna
Trog
Uskayaw
Vehumet
Wu Jian
Xom
Yredelemnul
Zin
The Shining One
Beogh

Shops:
D:3 *   Orc:2 ([?(

Annotations:
D:14 Agnes
Lair:5 todo: handle unique!, Rupert


Innate Abilities, Weirdness & Mutations

You are amphibious.
You cover ground slowly.
You can hop long distances.
You have an extended range of vision and can be seen from far away.


Message History

Agnes misses you.
Fire: a) +2 longbow (drain)
Press: ? - help, Q - select action, (/) - cycle Shift-Dir - straight line, f/p - Agnes
Aim: Agnes, wielding a +2 antimagic lajatang and wearing a +0 robe (severely wounded, 59% to hit)
You shoot an arrow. The arrow barely misses Agnes.
Agnes misses you. Agnes closely misses you.
Fire: a) +2 longbow (drain)
Press: ? - help, Q - select action, (/) - cycle Shift-Dir - straight line, f/p - Agnes
Aim: Agnes, wielding a +2 antimagic lajatang and wearing a +0 robe (severely wounded, 59% to hit)
You shoot an arrow. The arrow misses Agnes.
Agnes hits you with a +2 antimagic lajatang.
* * * LOW HITPOINT WARNING * * *
Agnes hits you with a +2 antimagic lajatang!!
* * * LOW HITPOINT WARNING * * *
Fire: a) +2 longbow (drain)
Press: ? - help, Q - select action, (/) - cycle Shift-Dir - straight line, f/p - Agnes
Aim: Agnes, wielding a +2 antimagic lajatang and wearing a +0 robe (severely wounded, 59% to hit)
You shoot an arrow. The arrow completely misses Agnes.
Agnes hits you with a +2 antimagic lajatang!!
* * * LOW HITPOINT WARNING * * *
You feel much better. Agnes barely misses you.
Agnes hits you with a +2 antimagic lajatang!
* * * LOW HITPOINT WARNING * * *
You feel your power leaking away.
* * * LOW MAGIC WARNING * * *
You feel much better.
Agnes says, "It is my duty to kill you, but also my pleasure."
Agnes hits you but does no damage.
Agnes hits you with a +2 antimagic lajatang!!
* * * LOW HITPOINT WARNING * * *
Hop to where?
Press: ? - help, Dir - move target, p - Agnes Boing!
Agnes says, "You dishonour your ancestors."
As you read the scroll of teleportation, it crumbles to dust.
You feel strangely unstable.
Agnes hits you with a +2 antimagic lajatang!!
You die...
Agnes says, "May you follow the Path of Peace in your next life."
Cheibriados appreciates the motionlessness of death.

#.# #.#.# #.# #.#.# #.#
...# #.# # ...#
#.#####...#. ...#
.........$.. ...#
...#######.# .#.# #..# #.
.#.# #..###
#.#####.#@##### #....#
#....○..i........#
#.##.###..###############
#.........# ####.####.# #
#.####.# # #......# #
######## #


You could see Agnes.

Vanquished Creatures
  Josephine (Lair:4)
  An alligator (Lair:2)
  4 hydras
  2 ogre magi (Orc:2)
  4 boulder beetles
  2 centaur warriors
  11 death yaks
  16 two-headed ogres
  3 orc high priests
  2 skysharks (Lair:5)
  3 skeletal warriors (D:13)
  An iron troll (Orc:2)
  Lodul (D:12)
  A deep troll (Orc:2)
  A lindwurm (Lair:5)
  An orc knight (Orc:2)
  An obsidian bat (Orc:2)
  2 ugly things
  An oklob plant (Lair:1)
  2 deep elf pyromancers
  Pikel (D:5)
  An orc sorcerer (Orc:2)
  8 cyclopes
  2 manticores
  2 kobold blastminers (Orc:2)
  13 elephants
  4 black mambas
  2 torpor snails (Lair:2)
  A gargoyle (D:13)
  10 cane toads
  An unseen horror (D:12)
  5 komodo dragons
  5 kobold demonologists
  3 rime drakes
  A tengu conjurer (D:13)
  3 polar bears
  12 trolls
  2 hornets
  14 blink frogs
  3 slime creatures
  8 wraiths
  A centaur simulacrum (D:10)
  51 yaks
  A vampire (D:11)
  4 fire bats
  2 humans (D:9)
  4 wyverns
  2 wargs (Orc:1)
  8 basilisks
  A steam dragon (Lair:2)
  6 vampire mosquitoes (D:13)
  16 orc warriors
  4 sky beasts
  22 water moccasins
  2 ice beasts (D:10)
  A black bear (Lair:2)
  A sky beast (shapeshifter) (D:13)
  31 ogres
  23 wolves
  8 centaurs
  A phantom (D:3)
  3 lemures
  11 kobold brigands
  A gnoll sergeant (D:9)
  15 bullfrogs
  10 scorpions
  3 wights (D:7)
  8 killer bees
  3 electric eels
  6 howler monkeys
  4 crimson imps (D:10)
  3 jellies
  14 orc priests
  A bombardier beetle (D:3)
  3 hounds
  A gnoll bouda (D:6)
  2 sleepcaps
  A scrub nettle (Lair:5)
  A hell rat (Lair:2)
  15 orc wizards
  Natasha (thrice) (D:3)
  5 iguanas
  14 gnolls
  19 adders
  A shadow imp (D:5)
  6 white imps
  2 ufetubi (D:10)
  2 dart slugs
  3 ribbon worms (D:2)
  59 orcs
  5 bats
  4 endoplasms
  3 giant cockroaches
  7 goblins
  7 hobgoblins
  5 quokkas
  7 ball pythons
  7 frilled lizards
  27 kobolds
  3 rats (D:2)
  A butterfly (Lair:4)
645 creatures vanquished.

Notes
Turn   | Place    | Note
-------+----------+-------------------------------------------
     0 | D:1      | ForkInBrain the Barachi Hunter began the quest for the Orb.
     0 | D:1      | Reached XP level 1. HP: 17/17 MP: 1/1
    27 | D:1      | Found a faded altar of an unknown god.
   249 | D:1      | Reached XP level 2. HP: 23/23 MP: 2/2
   674 | D:2      | Reached skill level 5 in Ranged Weapons
   674 | D:2      | Reached XP level 3. HP: 28/28 MP: 3/3
   787 | D:2      | Found an ancient bone altar of Kikubaaqudgha.
  1238 | D:2      | Reached XP level 4. HP: 34/34 MP: 4/4
  2072 | D:3      | Noticed Natasha
  2464 | D:3      | Reached skill level 6 in Ranged Weapons
  2728 | D:3      | Found Bemem's General Store.
  2732 | D:3      | Bought 3 scrolls of teleportation for 126 gold pieces
  2732 | D:3      | Bought a scroll of identify for 28 gold pieces
  2777 | D:3      | Found a shimmering blue altar of Sif Muna.
  2781 | D:3      | Reached XP level 5. HP: 39/39 MP: 5/5
  3085 | D:3      | Killed Natasha
  3193 | D:3      | Found a shadowy altar of Dithmenos.
  3407 | D:3      | Noticed Natasha
  3422 | D:3      | Killed Natasha
  3577 | D:3      | Reached skill level 7 in Ranged Weapons
  3577 | D:3      | Reached XP level 6. HP: 46/46 MP: 6/6
  5268 | D:4      | Paralysed by a kobold for 4 turns
  5819 | D:3      | Noticed Natasha
  5826 | D:3      | Killed Natasha
  5827 | D:3      | Reached skill level 8 in Ranged Weapons
  5873 | D:4      | Reached XP level 7. HP: 23/51 MP: 7/7
  6406 | D:4      | Found a sparkling altar of Nemelex Xobeh.
  6438 | D:4      | Reached skill level 9 in Ranged Weapons
  6919 | D:4      | Found a sparkling altar of Nemelex Xobeh.
  7068 | D:5      | Entered Level 5 of the Dungeon
  7068 | D:5      | Noticed Pikel
  7575 | D:5      | Reached XP level 8. HP: 27/57 MP: 8/8
  8382 | D:5      | Reached skill level 10 in Ranged Weapons
  8515 | D:5      | Reached skill level 1 in Stealth
  8930 | D:5      | Found a staircase to the Ecumenical Temple.
  8943 | Temple   | Entered the Ecumenical Temple
  8965 | Temple   | Became a worshipper of Cheibriados the Contemplative
  9064 | D:5      | Reached skill level 1 in Armour
 10178 | D:6      | Found a hide-covered altar of Uskayaw.
 10448 | D:6      | Found a burning altar of Makhleb.
 10454 | D:6      | Found a hazy altar of Hepliaklqana.
 10765 | D:7      | Found a stormy altar of Qazlal.
 10810 | D:7      | Noticed an air elemental
 10818 | D:7      | Noticed a water elemental
 11074 | D:7      | Reached * piety under Cheibriados
 11139 | D:7      | Reached skill level 5 in Fighting
 11139 | D:7      | Reached XP level 9. HP: 68/68 MP: 9/9
 11718 | D:8      | Reached skill level 5 in Dodging
 12325 | D:8      | Noticed a two-headed ogre
 12336 | D:8      | Killed a two-headed ogre
 12336 | D:8      | Reached ** piety under Cheibriados
 12358 | D:8      | Found a staircase to the Lair.
 12576 | D:8      | Reached XP level 10. HP: 80/80 MP: 10/10
 12777 | D:5      | Killed Pikel
 12778 | D:5      | Reached skill level 1 in Invocations
 13211 | D:5      | Found a staircase to the Ecumenical Temple.
 13651 | D:7      | Noticed an angel
 13652 | D:7      | Found a glowing silver altar of Zin.
 13666 | D:7      | Found a shimmering altar of Xom.
 13688 | D:7      | Reached skill level 5 in Armour
 13848 | D:9      | Reached *** piety under Cheibriados
 14105 | D:9      | Noticed a kobold demonologist
 14105 | D:9      | Noticed a kobold demonologist
 14105 | D:9      | Noticed a kobold demonologist
 14106 | D:9      | Noticed a sun demon
 14109 | D:9      | Killed a kobold demonologist
 14114 | D:9      | Noticed a two-headed ogre
 14143 | D:9      | Killed a two-headed ogre
 14417 | D:9      | Killed a kobold demonologist
 14433 | D:8      | Killed a kobold demonologist
 14637 | D:8      | Reached skill level 10 in Fighting
 14637 | D:8      | Reached skill level 5 in Invocations
 14649 | D:9      | Reached XP level 11. HP: 90/90 MP: 14/14
 15207 | D:9      | Noticed a two-headed ogre
 15217 | D:9      | Killed a two-headed ogre
 15643 | D:9      | Found an iron altar of Okawaru.
 15832 | D:10     | Entered Level 10 of the Dungeon
 16012 | D:10     | Reached **** piety under Cheibriados
 16330 | D:10     | Noticed a two-headed ogre
 16340 | D:9      | Killed a two-headed ogre
 16341 | D:9      | Reached skill level 11 in Ranged Weapons
 17028 | D:10     | Identified the ring of Farphua {Fire +Blink rPois Slay+2}
 17771 | D:10     | Found a staircase to the Orcish Mines.
 18232 | D:10     | Noticed a death yak
 18250 | D:10     | Killed a death yak
 18671 | D:3      | Bought a scroll of summoning for 133 gold pieces
 18671 | D:3      | Bought a scroll of revelation for 105 gold pieces
 18671 | D:3      | Bought a wand of paralysis (4) for 134 gold pieces
 18793 | Lair:1   | Entered Level 1 of the Lair of Beasts
 18959 | Lair:2   | Reached XP level 12. HP: 94/100 MP: 15/17
 19148 | Lair:1   | Reached ***** piety under Cheibriados
 19164 | Lair:1   | Reached skill level 12 in Ranged Weapons
 19708 | Lair:2   | Reached skill level 5 in Stealth
 19740 | Lair:2   | Noticed a death yak
 19740 | Lair:2   | Noticed a death yak
 19741 | Lair:2   | Noticed a death yak
 19746 | Lair:2   | Noticed a death yak
 19754 | Lair:2   | Killed a death yak
 19762 | Lair:2   | Killed a death yak
 19771 | Lair:2   | Killed a death yak
 19784 | Lair:2   | Killed a death yak
 19873 | Lair:2   | Reached skill level 13 in Ranged Weapons
 20045 | Lair:2   | Found a staircase to the Swamp.
 20105 | Lair:2   | Gained mutation: You can hop long distances. [Barachi
                  | growth]
 20105 | Lair:2   | Reached XP level 13. HP: 108/108 MP: 19/19
 20185 | Lair:2   | Reached skill level 14 in Ranged Weapons
 20544 | Lair:2   | Found a hole to the Spider Nest.
 20707 | Lair:2   | Reached skill level 15 in Ranged Weapons
 20767 | Lair:2   | Reached ****** piety under Cheibriados
 21796 | Lair:3   | Learned a level 4 spell: Dimensional Bullseye
 21987 | Lair:3   | Reached skill level 1 in Translocations
 21990 | Lair:3   | Reached skill level 1 in Hexes
 22948 | Lair:4   | Reached XP level 14. HP: 116/116 MP: 21/21
 23415 | Lair:4   | Noticed Josephine
 23704 | Lair:4   | Killed Josephine
 24251 | Lair:5   | Entered Level 5 of the Lair of Beasts
 24293 | Lair:5   | Noticed Rupert
 24702 | Lair:4   | Reached skill level 10 in Invocations
 26349 | D:12     | Noticed Lodul
 26664 | D:12     | Killed Lodul
 26993 | D:12     | Reached skill level 16 in Ranged Weapons
 26993 | D:12     | Reached XP level 15. HP: 108/125 MP: 22/22
 27114 | Orc:1    | Entered Level 1 of the Orcish Mines
 27233 | Orc:1    | Found a roughly hewn altar of Beogh.
 27698 | Orc:2    | Entered Level 2 of the Orcish Mines
 27698 | Orc:2    | Found a staircase to the Elven Halls.
 28248 | Orc:2    | Found a roughly hewn altar of Beogh.
 28291 | Orc:2    | Found Heeno's Weapon Boutique.
 28379 | Orc:2    | Reached skill level 5 in Hexes
 28393 | Orc:2    | Reached skill level 5 in Translocations
 28571 | Orc:2    | Found Puhogh's Magic Scroll Boutique.
 28576 | Orc:2    | Found Fiefuq's Armour Emporium.
 28636 | Orc:2    | Found Gistrage's Weapon Shop.
 28649 | Orc:2    | Reached skill level 10 in Armour
 28845 | Orc:2    | Bought a scroll of acquirement for 676 gold pieces
 28845 | Orc:2    | Acquired a +2 longbow of draining
 28874 | Orc:2    | Bought a scroll of fear for 52 gold pieces
 28883 | Orc:2    | Bought a scroll of fog for 52 gold pieces
 28883 | Orc:2    | Bought a scroll of blinking for 97 gold pieces
 28883 | Orc:2    | Bought a scroll of revelation for 97 gold pieces
 28883 | Orc:2    | Bought a scroll of teleportation for 39 gold pieces
 28957 | Orc:2    | Bought a +0 pair of gloves for 58 gold pieces
 29089 | D:13     | Found a flickering gateway to a bazaar.
 29104 | Bazaar   | Entered a bazaar
 29118 | Bazaar   | Found Ijoil's General Store.
 29134 | Bazaar   | Found Iroesmoe's Antique Weapon Emporium.
 29150 | Bazaar   | Found Iryps's Armour Shoppe.
 29150 | Bazaar   | Found Ipriruud's General Store.
 29178 | Bazaar   | Bought the +2 helmet of Light {rElec} for 427 gold pieces
 29195 | Bazaar   | Bought a potion of heal wounds for 45 gold pieces
 29195 | Bazaar   | Bought a potion of heal wounds for 45 gold pieces
 29221 | Bazaar   | Bought a potion of heal wounds for 70 gold pieces
 30778 | D:14     | Noticed Agnes
 30812 | D:14     | HP: 5/126 [Agnes/+2 antimagic lajatang (28)]
 30817 | D:14     | Slain by Agnes

Illustrated notes

Levels and vault maps discovered:
D:1:      saegor_arrival_simple_a, layout_loops_cross,
          ebering_ecumenical_altar_sacrificial
D:2:      minmay_razor_zed, layout_basic, basic_altar, serial_bayou_pond_d,
          minmay_tetromino_t4
D:3:      layout_basic, lemuel_doored_altar, grunt_dithmenos_smoke_and_mirrors,
          serial_shops, nicolae_shop_hallway_stairs, uniq_natasha
D:4:      kennysheep_kobold_camp, layout_cave_pools,
          nemelex_xobeh_ov_fountains_minmay, hex_large
D:5:      layout_cave_pools, minmay_temple_entry_antechambers, uniq_pikel
D:6:      layout_layer_cave, grunt_temple_overflow_open
D:7:      layout_cave_pools, nicolae_qazlal_style_of_elements,
          regret_index_xom_of_box, zin_angel
D:8:      layout_loops_ring, erik_lair_orcish_takeover, minmay_tree_intersection
D:9:      layout_loops_ring, okawaru_humans, hangedman_minor_gate_pass
D:10:     layout_layer_cave, orc_0_dummy, serial_ice, serial_ice_a,
          serial_ice_f, serial_ice_c, serial_ice_h, nicolae_zen_rock_garden,
          minmay_gold_behind_fungi, minmay_fire_ice_demons
D:11:     layout_basic
D:12:     layout_rooms, uniq_lodul
D:13:     layout_loops_ring, serial_shops, bzr_entry_road
D:14:     layout_basic, ximxim_vaults_locker_room, gammafunk_ghost_crypt,
          dreamdust_princess_bridge, uniq_agnes
Temple:   chequers_temple_sunken
Lair:1:   minmay_lair_oklob_chamber, layout_big_grid, grunt_megastairs_1,
          infiniplex_staircase_pool_2
Lair:2:   layout_cellular_growth, swamp_mist, dummy_spider_entry,
          nicolae_volcano_entry_batcave, gauntlet_entry_generic,
          nicolae_lair_lakeside_cave, lemuel_fruit_tree
Lair:3:   layout_regular_city, infiniplex_staircase_pool
Lair:4:   layout_cave_pods, st_stairs_11, cheibrodos_lair_reptile_den,
          lemuel_fruit_fields, uniq_josephine
Lair:5:   cheibrodos_lair_end_hotspot, layout_cave_shapes,
          nicolae_slime_entry_slimehenge, serial_bayou, serial_bayou_pond_a,
          serial_bayou_pond_c, serial_bayou_shore_a, evilmike_ambush
          [evilmike_ambush_outer_basic, evilmike_ambush_inner_basic],
          uniq_rupert
Orc:1:    layout_diamond_mine, basic_altar, nicolae_orc_lava_room
Orc:2:    st_orc_open, layout_caves, nicolae_orc_seminary

Skill      XL: |  1  2  3  4  5  6  7  8  9 10 11 12 13 14 15 |
---------------+----------------------------------------------+-----
Ranged Weapons | 5 6 7 8 9 10 11 13 15 16 | 16.7
Stealth        | 2 5 7 |  7.2
Armour         | 2 3 5 6 8 10 | 10.3
Fighting       | 5 8 10 11 12 13 14 | 14.1
Dodging        | 4 8 9 |  9.3
Invocations    | 5 6 9 10 11 | 11.1
Translocations | 2 3 5 |  5.3
Hexes          | 2 3 5 |  5.5

Action                     |  1- 3 |  4- 6 |  7- 9 | 10-12 | 13-15 || total
---------------------------+-------+-------+-------+-------+-------++-------
  Melee: Shortbow          |       |     3 |       |       |       ||     3
   Fire: Shortbow          |    96 |   246 |   490 |   112 |       ||   944
         Orcbow            |       |       |       |   682 |  1040 ||  1722
         Longbow           |       |       |       |       |   273 ||   273
 Invoke: Bend Time         |       |       |       |     3 |     1 ||     4
         Slouch            |       |       |       |     2 |     3 ||     5
         Step From Time    |       |       |       |       |     1 ||     1
Ability: Hop               |     2 |     9 |    17 |     8 |    16 ||    52
  Evoke: Wand              |       |     4 |     2 |     1 |     1 ||     8
    Use: Scroll            |     3 |     4 |     9 |    11 |     6 ||    33
         Potion            |       |       |       |     1 |     5 ||     6
 Armour: Leather armour    |    13 |    51 |   102 |       |       ||   166
         Robe              |       |       |       |   152 |   152 ||   304
         Troll leather arm |       |       |       |       |   124 ||   124
  Dodge: Dodged            |    34 |    71 |   162 |   424 |   592 ||  1283

Table legend: (Time is in decaauts)
 A = Elapsed time spent in this place.
 B = Non-inter-level travel time spent in this place.
 C = Inter-level travel time spent in this place.
 D = Time resting spent in this place.
 E = Time spent auto-exploring this place.
 F = Levels seen in this place.
 G = Mean time per level.
                   A        B        C        D        E       F      G
               +--------+--------+--------+--------+--------+-----+--------+
         Total |  45215 |  36065 |   9150 |  10200 |  15849 |  23 | 1965.9 |
       Dungeon |  31244 |  25757 |   5487 |   7942 |  11470 |  14 | 2231.7 |
        Temple |     64 |     34 |     30 |      0 |      0 |   1 |   64.0 |
          Lair |  10455 |   7260 |   3195 |   1787 |   2940 |   5 | 2091.0 |
  Orcish Mines |   3095 |   2658 |    437 |    470 |   1302 |   2 | 1547.5 |
        Bazaar |    355 |    355 |      0 |      0 |    136 |   1 |  355.0 |
               +--------+--------+--------+--------+--------+-----+--------+

Top non-repeatable levels by time:
     D:4: 3786 daAuts
    D:10: 3641 daAuts
     D:5: 3392 daAuts
  Lair:4: 3221 daAuts
     D:9: 2969 daAuts
    D:11: 2891 daAuts
  Lair:2: 2877 daAuts
  Lair:3: 2659 daAuts
     D:8: 2573 daAuts
     D:6: 2243 daAuts
     D:3: 2190 daAuts
   Orc:2: 1920 daAuts
    D:13: 1909 daAuts
     D:2: 1578 daAuts
     D:7: 1477 daAuts
